 Dungeon Crawl Stone Soup version 0.21-a0-82-gdb84782 (webtiles) character file.

100 Manul the Cudgeler (level 4, -1/40 HPs)
             Began as an Octopode Abyssal Knight on June 24, 2017.
             Was a Believer of Lugonu.
             Slain by a goblin
             ... wielding a +0 dagger
             ... led by Robin
              (3 damage)
             ... on level 3 of the Dungeon.
             The game lasted 00:02:38 (1768 turns).

Manul the Cudgeler (Octopode Abyssal Knight)        Turns: 1768, Time: 00:02:38

Health: -1/40      AC: 22    Str: 11    XL:     4   Next: 73%
Magic:  5/5        EV:  2    Int: 15    God:    Lugonu [**....]
Gold:   133        SH:  0    Dex: 11    Spells: 3/3 levels left

rFire    . . .     SeeInvis .   a - +1 mace (crush)
rCold    . . .     Gourm    .   (no shield)
rNeg     + + +     Faith    .   (helmet currently unavailable)
rPois    +         Spirit   .   (no amulet)
rElec    .         Reflect  .   (no ring)
rCorr    .         Harm     .   (no ring)
MR       .....     NoTele   +   (no ring)
Stlth    ++........             (no ring)
HPRegen  0.13/turn              (no ring)
MPRegen  0.09/turn              (no ring)
                                (no ring)
                                (no ring)

@: lethally poisoned (-1 -> -11), tree-form
A: almost no armour, stealthy swim, (amphibious), 8 rings, (constrict 8), blurry
vision 1, frail 1
a: Depart the Abyss, Bend Space, Renounce Religion


You were on level 3 of the Dungeon.
You worshipped Lugonu.
Lugonu was pleased with you.
You were not hungry.
You were a tree.
You visited 1 branch of the dungeon, and saw 3 of its levels.
You visited the Abyss 1 time.

You collected 133 gold pieces.

Inventory:

Hand Weapons
 a - a +1 mace of crushing (weapon)
Scrolls
 c - 2 scrolls of magic mapping {unknown}
 d - a scroll of blinking {unknown}
 f - 2 scrolls of identify {unknown}
 l - 3 scrolls of enchant armour {unknown}
Potions
 h - a potion of magic
 n - a potion of cancellation
Comestibles
 b - 3 bread rations
 i - a fruit
 j - a chunk of flesh
 k - a meat ration
 m - 2 royal jellies


   Skills:
 + Level 3.2 Fighting
 + Level 3.4 Maces & Flails
 + Level 2.8 Dodging
 + Level 3.2 Stealth
 * Level 2.2 Invocations


You had 3 spell levels left.
You didn't know any spells.

Dungeon Overview and Level Annotations

Branches:
Dungeon (3/15)

Altars:
Cheibriados
Fedhas
Qazlal

Annotations:
D:3 Robin


Innate Abilities, Weirdness & Mutations

You cannot wear most types of armour.
You are very stealthy in the water. (Stealth+)
((You are amphibious.))
You can wear up to eight rings at the same time.
((You can use your tentacles to constrict eight enemies at once.))
((Your skin changes colour to match your surroundings (Stealth+).))
((Your rubbery body absorbs attacks. (AC +1, EV +1)))
Scrolls take you a little longer to read.
You are frail. (-10% HP)


Message History

You feel sick.
Robin's horned helmet rattles.
The goblin hits you but does no damage.
You barely miss the goblin.
* * * LOW HITPOINT WARNING * * *
You feel sick. The goblin hits you but does no damage.
Robin roars a battlecry!
The goblins go into a battle-frenzy!
The goblin barely misses you.
You hit the goblin.
The goblin is heavily wounded.
* * * LOW HITPOINT WARNING * * *
You feel sick.
The goblin hits you but does no damage. x2
Unknown command.
You sock the goblin!
You kill the goblin!
Lugonu accepts your kill.
* * * LOW HITPOINT WARNING * * *
You feel sick. The goblin hits you with a dagger.
You die...

..... .......
....... ## .......
.. .S..?..## .#
.......# ..#
#....####g..#.#
#..#....?g♣ggr....
..K....<####...#.#
......#.# .....
..##. #.# ##.# #
#.# . #.# ..# ###


You could see Robin, 2 hobgoblins, a goblin and a rat.

Vanquished Creatures
  3 adders (D:2)
  2 worms (D:2)
  4 dart slugs
  4 giant cockroaches
  11 goblins
  8 hobgoblins
  2 jackals (D:1)
  A quokka (D:2)
  4 bats
  4 frilled lizards
  5 kobolds (D:1)
  11 rats
59 creatures vanquished.

Notes
Turn   | Place    | Note
-------+----------+-------------------------------------------
     0 | Abyss:1  | Manul the Octopode Abyssal Knight began the quest for the Orb.
     0 | Abyss:1  | Reached XP level 1. HP: 16/16 MP: 2/2
    93 | Abyss:2  | Noticed a glowing orange brain
   100 | Abyss:2  | Noticed a starcursed mass
   110 | Abyss:2  | Noticed a neqoxec
   110 | Abyss:2  | Gained mutation: Scrolls take you a little longer to read. [a neqoxec]
   111 | Abyss:2  | Gained mutation: You are frail. (-10% HP) [a neqoxec]
   118 | D:1      | Escaped the Abyss
   191 | D:1      | Reached XP level 2. HP: 13/18 MP: 3/3
   426 | D:1      | Reached * piety under Lugonu
   646 | D:1      | Reached skill level 1 in Stealth
   730 | D:1      | Reached XP level 3. HP: 23/23 MP: 4/4
  1366 | D:2      | Reached XP level 4. HP: 27/27 MP: 5/5
  1488 | D:2      | Reached ** piety under Lugonu
  1686 | D:2      | Found a snail-covered altar of Cheibriados.
  1689 | D:2      | Found a blossoming altar of Fedhas.
  1692 | D:2      | Found a stormy altar of Qazlal.
  1741 | D:3      | Noticed Robin
  1768 | D:3      | HP: 2/40 [poisoned by a goblin]
  1768 | D:3      | Slain by a goblin

Vault maps used:
D:1:      roderic_crossed_star
D:2:      grunt_temple_overflow_diamond
D:3:      lemuel_blue_sif_altar, marbit_many_paths, uniq_ijyb, uniq_robin

Skill      XL: |  1  2  3  4 |
---------------+-------------+-----
Stealth        | 1 2 3 |  3.2
Maces & Flails | 3 |  3.4
Fighting       | |  3.2
Dodging        | |  2.8
Invocations    | |  2.2

Action                   |  1- 3 |  4- 6 || total
-------------------------+-------+-------++-------
Melee: Mace              |    64 |    40 ||   104
       Constrict         |    17 |     9 ||    26
       Tentacles         |     8 |     4 ||    12
Invok: Depart the Abyss  |     1 |       ||     1
  Use: Scroll            |     2 |       ||     2
       Potion            |     1 |     5 ||     6
 Stab: Sleeping          |     6 |     4 ||    10
       Distracted        |     1 |       ||     1
  Eat: Chunk             |     1 |     2 ||     3
Armor: Skin              |     5 |    20 ||    25
Dodge: Dodged            |    59 |    22 ||    81
